 Dungeon Crawl Stone Soup version 0.26-a0-519-gb2f46ef (webtiles) character file.

Game seed: 9241180686555802112

786 thefrizzyone the Cleaver (level 7, 0/64 HPs)
             Began as a Minotaur Fighter on Aug 10, 2020.
             Was an Initiate of Makhleb.
             Slain by an ogre
             ... wielding the +9 dire flail of Cowardice {pain, *Rage +Inv rF+ Dex+5}
              (3 damage)
             ... on level 4 of the Dungeon.
             The game lasted 00:33:42 (3558 turns).

thefrizzyone the Cleaver (Minotaur Fighter)         Turns: 3558, Time: 00:33:43

Health: 0/64       AC: 10    Str: 23    XL:     7   Next: 56%
Magic:  6/6        EV:  5    Int:  5    God:    Makhleb [......]
Gold:   160        SH: 10    Dex:  9    Spells: 6/6 levels left

rFire    . . .     SeeInvis .   a - +0 war axe
rCold    . . .     Faith    .   c - +1 kite shield
rNeg     . . .     Spirit   .   s - +0 chain mail
rPois    .         Reflect  .   (helmet restricted)
rElec    .         Harm     .   r - +0 cloak
rCorr    .                      (no gloves)
MR       .....                  (no boots)
Stlth    ..........             (no amulet)
HPRegen  0.20/turn              (no ring)
MPRegen  0.10/turn              (no ring)

@: no status effects
A: retaliatory headbutt, horns 2
a: Renounce Religion


You were on level 4 of the Dungeon.
You worshipped Makhleb.
Makhleb was noncommittal.
You visited 1 branch of the dungeon, and saw 4 of its levels.

You collected 160 gold pieces.

Inventory:

Hand Weapons
 a - a +0 war axe (weapon)
 k - a +0 hunting sling
 m - a +0 short sword of venom
 o - a +4 hunting sling
Missiles
 f - 120 stones (quivered)
 h - 49 arrows
 w - 12 sling bullets
Armour
 b - a +0 scale mail
 c - a +1 kite shield (worn)
 p - a +0 pair of boots
 r - a +0 cloak (worn)
 s - a +0 chain mail (worn)
Scrolls
 g - a scroll of teleportation
 n - 2 scrolls of remove curse
 t - a scroll of fear {unknown}
 v - a scroll of identify
Potions
 d - 3 potions of might
 e - a potion of degeneration {unknown}
 i - 2 potions of brilliance
 j - 2 potions of heal wounds {unknown}
 l - a potion of ambrosia {unknown}
 q - 4 potions of curing {unknown}
 u - a potion of resistance {unknown}


   Skills:
 + Level 6.7 Fighting
 + Level 8.6 Axes
 - Level 3.7 Armour
 + Level 0.4 Stealth
 - Level 3.7 Shields


You had 6 spell levels left.
You didn't know any spells.
Your spell library contained the following spells:

 Spells                   Type           Power        Failure   Level
 Corpse Rot               Necr/Air       N/A          100%        2
 Sublimation of Blood     Necr           #.........   100%        2
 Dispel Undead            Necr           #.......     100%        4
 Agony                    Necr           #.......     100%        5
 Excruciating Wounds      Necr           #.........   100%        5


Dungeon Overview and Level Annotations

Branches:
Dungeon (4/15)
 Temple: D:4-7

Altars:
Fedhas
Makhleb
Nemelex Xobeh
Okawaru
Wu Jian
The Shining One

Annotations:
D:4 , 1 runed translucent door


Innate Abilities, Weirdness & Mutations

You reflexively headbutt those who attack you in melee.
You have a pair of horns on your head.


Message History

Your shield prevents you from hitting the ogre.
The ogre is moderately wounded.
The ogre hits you with the +9 dire flail of Cowardice {pain, *Rage +Inv rF+ Dex+5}!
You writhe in agony.
You hit the ogre.
The ogre is moderately wounded.
The ogre hits you with the +9 dire flail of Cowardice {pain, *Rage +Inv rF+ Dex+5}!
You barely miss the ogre. You headbutt the ogre!
The ogre is almost dead.
The ogre hits you with the +9 dire flail of Cowardice {pain, *Rage +Inv rF+ Dex+5}.
The ogre hits you with the +9 dire flail of Cowardice {pain, *Rage +Inv rF+ Dex+5}!
* * * LOW HITPOINT WARNING * * *
You writhe in agony.
* * * LOW HITPOINT WARNING * * *
There is a transporter here.
You enter the transporter and appear at another place.
The ogre hits you with the +9 dire flail of Cowardice {pain, *Rage +Inv rF+ Dex+5}.
* * * LOW HITPOINT WARNING * * *
You writhe in agony.
You die...

...# #.###################.#
#)(#######.#.....©.....# #.#
..)......#.#.#..#.#..#.# #.#
#...#.###..#..##)..##..# #.#
#.#..## ##.#..##...##..# #.#
#...## ###.#..#.#..#.# #.#
##..# ##§....[(....## #.# #..##
################ #.# #.#.##
##......@.©.....# #.#
#.##.###.##.##..O......# #.#
#.###...###......###.#.######.#
#.# #.........................#
#.# #..#######....####.########
##.# #..#######..#.####.#
...###................#.######
#.......##########.##.#)##...#
...###### #.##.#..)...#


You could see an ogre.

Vanquished Creatures
  The ghost of wallyj24 the Shield-Bearer, an amateur FoFi (D:4)
  3 ogres (D:4)
  A quasit (D:2)
  An orc priest (D:4)
  3 hounds
  An orc wizard (D:4)
  6 adders
  2 oozes (D:2)
  2 worms
  2 dart slugs (D:3)
  2 leopard geckos
  6 orcs
  A ball python (D:1)
  7 bats
  2 giant cockroaches
  10 goblins
  8 hobgoblins
  8 jackals
  A quokka (D:2)
  7 frilled lizards
  8 kobolds
  3 rats
85 creatures vanquished.

Notes
Turn   | Place    | Note
-------+----------+-------------------------------------------
     0 | D:1      | thefrizzyone the Minotaur Fighter began the quest for the
                  | Orb.
     0 | D:1      | Reached XP level 1. HP: 19/19 MP: 0/0
   142 | D:1      | Reached XP level 2. HP: 27/27 MP: 1/1
   591 | D:2      | Reached skill level 3 in Axes
   591 | D:2      | Reached XP level 3. HP: 20/34 MP: 2/2
   804 | D:2      | Reached skill level 5 in Fighting
   804 | D:2      | Reached skill level 4 in Axes
   804 | D:2      | Reached XP level 4. HP: 35/42 MP: 3/3
  1367 | D:2      | Reached XP level 5. HP: 48/48 MP: 4/4
  1509 | D:2      | Found a blossoming altar of Fedhas.
  1715 | D:3      | Reached skill level 5 in Axes
  1973 | D:3      | Found an iron altar of Okawaru.
  2066 | D:3      | Found a burning altar of Makhleb.
  2070 | D:3      | Became a worshipper of Makhleb the Destroyer
  2080 | D:3      | Found an ornate altar of the Wu Jian Council.
  2198 | D:4      | Noticed an ogre
  2203 | D:4      | Noticed an ogre
  2204 | D:4      | Killed an ogre
  2204 | D:4      | Reached skill level 6 in Axes
  2204 | D:4      | Reached XP level 6. HP: 26/57 MP: 5/5
  2385 | D:4      | Reached skill level 7 in Axes
  2467 | D:4      | Found a transporter.
  2470 | D:4      | Noticed wallyj24's ghost (amateur FoFi)
  2471 | D:4      | Found a transporter.
  2471 | D:4      | Identified the +9 dire flail of Cowardice {pain, *Rage +Inv
                  | rF+ Dex+5}
  2834 | D:4      | Found a runed translucent door.
  2834 | D:4      | Found a glowing golden altar of the Shining One.
  2834 | D:4      | Noticed an angel
  3090 | D:4      | Found a sparkling altar of Nemelex Xobeh.
  3291 | D:4      | Killed wallyj24's ghost
  3291 | D:4      | Reached skill level 8 in Axes
  3291 | D:4      | Reached XP level 7. HP: 14/64 MP: 6/6
  3558 | D:4      | HP: 3/64 [ogre/the +9 dire flail of Cowardice {pain, *Rage
                  | +Inv rF+ Dex+5} (6)]
  3558 | D:4      | Slain by an ogre

Illustrated notes

Levels and vault maps discovered:
D:1:      psy_arrival_dodecagon, layout_basic
D:2:      layout_basic, fedhas_altar_4
D:3:      layout_rooms, okawaru_altar_gauntlet_db,
          amethyst_overflow_temple_binary
D:4:      layout_loops_ring, marbit_many_paths, gammafunk_ghost_smash,
          lemuel_angel_altar

Skill      XL: |  1  2  3  4  5  6 |
---------------+-------------------+-----
Fighting       | 4 5 6 |  6.7
Axes           | 3 4 6 8 |  8.6
Armour         | |  3.7
Stealth        | |  0.4
Shields        | |  3.7

Action                   |  1- 3 |  4- 6 |  7- 9 || total
-------------------------+-------+-------+-------++-------
Melee: War axe           |    54 |   171 |     7 ||   232
       Headbutt          |     7 |    27 |     1 ||    35
  Use: Scroll            |       |     7 |       ||     7
Armor: Scale mail        |    40 |    27 |       ||    67
       Chain mail        |       |    45 |     1 ||    46
Dodge: Dodged            |    22 |    43 |       ||    65
Block: Kite shield       |    38 |    90 |       ||   128

Table legend: (Time is in decaauts)
 A = Elapsed time spent in this place.
 B = Non-inter-level travel time spent in this place.
 C = Inter-level travel time spent in this place.
 D = Time resting spent in this place.
 E = Time spent auto-exploring this place.
 F = Levels seen in this place.
 G = Mean time per level.
                   A        B        C        D        E       F      G
               +--------+--------+--------+--------+--------+-----+--------+
         Total |   3632 |   3581 |     51 |    754 |    582 |   4 |  908.0 |
       Dungeon |   3632 |   3581 |     51 |    754 |    582 |   4 |  908.0 |
               +--------+--------+--------+--------+--------+-----+--------+

Top non-repeatable levels by time:
     D:4: 1435 daAuts
     D:2: 1033 daAuts
     D:1: 591 daAuts
     D:3: 572 daAuts
